 Dungeon Crawl Stone Soup version 0.23.2-1-ga50397a (webtiles) character file.

Game seed: 1869437294984157905

1066 Kairos the Twirler (level 8, -11/62 HPs)
             Began as a Formicid Fighter on Apr 20, 2019.
             Was an Initiate of Gozag.
             Mangled by an ogre
             ... wielding a +0 giant club
              (18 damage)
             ... on level 5 of the Dungeon.
             The game lasted 00:05:16 (4008 turns).

Kairos the Twirler (Formicid Fighter)               Turns: 4008, Time: 00:05:17

Health: -11/62     AC: 12    Str: 22    XL:     8   Next: 53%
Magic:  8/8        EV:  7    Int:  9    God:    Gozag
Gold:   624        SH: 10    Dex: 10    Spells: 7/7 levels left

rFire    . . .     SeeInvis +   a - +1 quarterstaff
rCold    . . .     Gourm    .   c - +0 shield
rNeg     . . .     Faith    .   m - +0 chain mail
rPois    .         Spirit   .   (helmet unavailable)
rElec    .         Reflect  .   (no cloak)
rCorr    .         Harm     .   l - +0 pair of gloves
MR       .....                  i - +0 pair of boots
Stlth    ..........             (no amulet)
HPRegen  0.20/turn              (no ring)
MPRegen  0.11/turn              (no ring)

@: no status effects
A: permanent stasis, dig shafts and tunnels, four strong arms, antennae 3
a: Dig, Shaft Self, Potion Petition, Call Merchant, Bribe Branch, Renounce
Religion


You were on level 5 of the Dungeon.
You worshipped Gozag.
Gozag was pleased with you.
You were not hungry.

You visited 1 branch of the dungeon, and saw 6 of its levels.

You collected 624 gold pieces.

Inventory:

Hand Weapons
 a - a +1 quarterstaff (weapon)
Missiles
 n - 8 tomahawks (quivered)
Armour
 b - a +0 scale mail
 c - a +0 shield (worn)
 i - a +0 pair of boots (worn)
 l - a +0 pair of gloves (worn)
 m - a +0 chain mail (worn)
Wands
 v - a wand of random effects (9)
 x - a wand of acid (9)
 B - a wand of enslavement (12)
Scrolls
 e - 2 scrolls of noise
 k - 2 scrolls of remove curse
 p - a scroll of amnesia
 t - a scroll of fear {unknown}
 u - a scroll of identify
 w - a scroll of immolation {unknown}
 y - a scroll of teleportation {unknown}
 z - a scroll of magic mapping {unknown}
 A - a scroll of summoning {unknown}
Potions
 d - a potion of might
 g - a potion of magic
 h - a potion of flight
 j - 2 potions of curing
 o - 3 potions of brilliance
 q - 3 potions of heal wounds
 r - a potion of agility {unknown}
 s - a potion of ambrosia {unknown}
Comestibles
 f - 4 rations


   Skills:
 + Level 5.2 Fighting
 + Level 6.7 Staves
 + Level 4.9 Armour
 + Level 1.4 Dodging
 + Level 1.2 Stealth
 + Level 6.0 Shields


You had 7 spell levels left.
You didn't know any spells.
Your spell library was empty.

Dungeon Overview and Level Annotations

Branches:
Dungeon (6/15)
 Temple: D:4-7

Altars:
Gozag
The Shining One

Shops:
D:4 :


Innate Abilities, Weirdness & Mutations

You cannot be hasted, slowed, berserked, paralysed or teleported.
You can dig through walls and to a lower floor.
Your four strong arms can wield two-handed weapons with a shield.
You have a pair of large antennae on your head. (SInv)


Message History

You are too injured to fight recklessly!
You are too injured to fight recklessly!
You are too injured to fight recklessly!
You are too injured to fight recklessly!
You are too injured to fight recklessly!
You are too injured to fight recklessly!
You are too injured to fight recklessly!
You are too injured to fight recklessly!
You are too injured to fight recklessly!
Your shield and chain mail prevent you from hitting the ogre.
The ogre is heavily wounded.
The ogre hits you with a +0 giant club!
* * * LOW HITPOINT WARNING * * *
You barely miss the ogre.
The ogre is heavily wounded.
You hit the ogre.
The ogre is severely wounded.
The ogre hits you with a +0 giant club!!
You die...
Your body crumbles into a pile of gold.

####.#
#######.###
#....#
#.....#....
#.####
#.....#####
#..######.....# #
##............#
#..####...<..# ##
#(.####.##.### #.
#..#.......# #.
#@.#.##.#### #.
#.O.....# #.
####### ##......#
#. #.....#
###.#.##########.
#####.###.#######
#.#.# #........
......#.........#
#.#.###.######.
##>##.#.#.#####.#
#.#.....# #.
##.##.....# #.#
#.......# #.
##......### #.#
#######.## #.


You could see an ogre.

Vanquished Creatures
  Sigmund (D:3)
  Duvessa (D:5)
  A phantom (D:5)
  A sky beast (D:5)
  An ogre (D:4)
  Dowan (D:5)
  2 crimson imps (D:5)
  A centaur zombie (D:5)
  An orc priest (D:3)
  A hound (D:6)
  2 iguanas
  2 jellies (D:5)
  A worker ant (D:6)
  7 adders
  An ooze (D:2)
  An adder skeleton (D:6)
  3 worms
  4 dart slugs
  7 leopard geckos
  11 orcs
  15 bats
  8 giant cockroaches
  8 goblins
  7 hobgoblins
  4 kobolds
  3 quokkas
  7 frilled lizards
  4 rats
106 creatures vanquished.

Notes
Turn   | Place    | Note
-------+----------+-------------------------------------------
     0 | D:1      | Kairos the Formicid Fighter began the quest for the Orb.
     0 | D:1      | Reached XP level 1. HP: 18/18 MP: 1/1
    57 | D:1      | You fall through a shaft!
    57 | D:2      | Found a faded altar of an unknown god.
   108 | D:1      | Reached XP level 2. HP: 20/24 MP: 2/2
   299 | D:1      | Reached XP level 3. HP: 25/29 MP: 3/3
   850 | D:2      | Reached skill level 1 in Dodging
   858 | D:2      | Reached XP level 4. HP: 28/36 MP: 4/4
   997 | D:2      | Became a worshipper of Gozag Ym Sagoz the Greedy
  1147 | D:2      | Reached XP level 5. HP: 32/41 MP: 5/5
  1448 | D:3      | Noticed Sigmund
  1469 | D:3      | Killed Sigmund
  1469 | D:3      | Reached skill level 5 in Shields
  1469 | D:3      | Reached XP level 6. HP: 17/48 MP: 6/6
  2422 | D:4      | Noticed an ogre
  2431 | D:4      | Killed an ogre
  2431 | D:4      | Reached skill level 5 in Staves
  2431 | D:4      | Reached XP level 7. HP: 30/55 MP: 7/7
  2476 | D:4      | Found Plog's Book Boutique.
  2691 | D:5      | Entered Level 5 of the Dungeon
  2714 | D:5      | Noticed Duvessa
  2738 | D:5      | Killed Duvessa
  2747 | D:5      | Noticed Dowan
  2763 | D:5      | Killed Dowan
  2763 | D:5      | Reached skill level 1 in Stealth
  3404 | D:5      | Reached XP level 8. HP: 58/61 MP: 8/8
  3482 | D:5      | Reached skill level 5 in Fighting
  3919 | D:6      | Found a glowing golden altar of the Shining One.
  4008 | D:5      | Mangled by an ogre

Skill      XL: |  1  2  3  4  5  6  7  8 |
---------------+-------------------------+-----
Shields        | 4 5 6 |  6.0
Dodging        | 1 |  1.4
Staves         | 3 4 5 6 |  6.7
Fighting       | 4 5 |  5.2
Armour         | 4 |  4.9
Stealth        | 1 |  1.2

Action                   |  1- 3 |  4- 6 |  7- 9 || total
-------------------------+-------+-------+-------++-------
Melee: Quarterstaff      |   145 |   175 |   147 ||   467
 Abil: Dig               |       |     1 |       ||     1
  Use: Scroll            |       |     7 |       ||     7
       Potion            |       |     4 |       ||     4
  Eat: Chunk             |       |     1 |       ||     1
       Ration            |       |     1 |     2 ||     3
Armor: Scale mail        |    66 |       |       ||    66
       Chain mail        |    15 |    82 |    39 ||   136
Dodge: Dodged            |    56 |    46 |    23 ||   125
Block: Shield            |   111 |    93 |    53 ||   257
